 Dungeon Sprint DCSS version 0.21.1-1-g345015f (webtiles) character file.

1528 Fang the Cleaver (level 8, -4/60 HPs)
             Began as a Gargoyle Berserker on May 24, 2018.
             Was a High Priest of Trog.
             Slain by a 15-headed hydra (9 damage)
             ... in the Dungeon (Sprint IX: "|||||||||||||||||||||||||||||").
             The game lasted 00:02:35 (836 turns).

Fang the Cleaver (Gargoyle Berserker)                Turns: 836, Time: 00:02:35

Health: -4/60      AC: 19    Str: 23    XL:     8   Next: 85%
Magic:  8/8        EV: 10    Int: 11    God:    Trog [*****.]
Gold:   0          SH:  0    Dex: 12    Spells: 7/7 levels left

rFire    . . .     SeeInvis .   n - +3 war axe (freeze)
rCold    . . .     Gourm    .   (no shield)
rNeg     + . .     Faith    .   o - +1 chain mail
rPois    ∞         Spirit   .   (no helmet)
rElec    +         Reflect  .   (no cloak)
rCorr    .         Harm     .   (no gloves)
MR       .....     NoTele   +   (no boots)
Stlth    ..........             (no amulet)
HPRegen  0.20/turn              p - +3 ring of intelligence
MPRegen  0.11/turn              q - +3 ring of dexterity

@: berserk cooldown, slowed, very slow
A: big wings, molten scales 1, negative energy resistance 1, electricity
resistance, unbreathing, petrification resistance, rot immunity, AC +5
a: Fly, Berserk, Trog's Hand, Brothers in Arms, Burn Spellbooks, Renounce
Religion


You were in the Dungeon.
You worshipped Trog.
Trog was extremely pleased with you.
You were near starving.

You visited 1 branch

Inventory:

Hand Weapons
 n - a +3 war axe of freezing (weapon)
Armour
 o - a +1 chain mail (worn)
Jewellery
 p - a +3 ring of intelligence (left hand)
 q - a +3 ring of dexterity (right hand)
Wands
 m - a wand of iceblast (10)
Scrolls
 i - 4 scrolls of blinking
 l - 4 scrolls of remove curse
 r - 2 scrolls of enchant armour
 s - a scroll of identify
 t - 2 scrolls of enchant weapon
Potions
 b - 2 potions of might
 d - 5 potions of curing
 e - 5 potions of heal wounds
 f - a potion of haste
 g - 4 potions of magic
 h - a potion of berserk rage
 k - a potion of invisibility
Comestibles
 a - 2 chunks of flesh
 c - a ration


   Skills:
 + Level 11.7 Fighting
 + Level 12.4 Axes
 + Level 7.5 Armour
 + Level 5.1 Dodging


You had 7 spell levels left.
You didn't know any spells.

Dungeon Overview and Level Annotations

Branches:
Dungeon (1/1)

Altars:
Cheibriados
Dithmenos
Elyvilon
Fedhas
Gozag
Hepliaklqana
Kikubaaqudgha
Makhleb
Nemelex Xobeh
Okawaru
Qazlal
Ru
Sif Muna
Trog
Uskayaw
Vehumet
Wu Jian
Xom
Yredelemnul
Zin
The Shining One
Beogh
Jiyva
Lugonu


Innate Abilities, Weirdness & Mutations

You are resistant to torment.
Your stone body is resilient. (AC +5)
You are immune to poison.
You resist negative energy. (rN+)
You are resistant to electric shocks. (rElec)
You can survive without breathing.
You are immune to petrification.
You are immune to rotting.
Your large and strong wings let you fly indefinitely.
You are partially covered in molten scales. (AC +2)


Message History

The 14-headed hydra seems to slow down.
You freeze the 14-headed hydra.
The 14-headed hydra is severely wounded.
You are no longer berserk.
You are exhausted.
You feel yourself slow down.
You slice one of the 14-headed hydra's heads off!
The 13-headed hydra grows two more!
You slash the 15-headed hydra! You freeze the 15-headed hydra.
The 15-headed hydra is severely wounded.
The 15-headed hydra completely misses you.
The 15-headed hydra bites you.
* * * LOW HITPOINT WARNING * * *
The 15-headed hydra bites you but does no damage. x3
The 15-headed hydra barely misses you.
The 15-headed hydra bites you but does no damage.
The 15-headed hydra bites you.
* * * LOW HITPOINT WARNING * * *
The 15-headed hydra bites you but does no damage. x3
The 15-headed hydra barely misses you. The 15-headed hydra bites you!
You die...

▓▓▓▓▓▓▓▓▓▓▓▓▓▓▓▓▓▓▓▓▓▓▓▓▓▓▓▓▓▓▓▓▓
____________________'...))'.....'
▓▓▓▓▓▓▓▓▓▓▓▓▓▓▓▓▓▓▓▓▓▓▓▓▓▓▓▓▓▓▓▓▓
.................................
▓▓▓▓▓▓▓▓▓▓▓▓▓▓▓▓▓▓▓▓▓▓▓▓▓▓▓▓▓▓▓▓▓
SYFtFFD@....?[......'...
▓▓▓▓▓▓▓▓▓▓▓▓▓▓▓▓▓▓▓▓▓▓▓▓


You could see a 15-headed hydra, a yak, a spiny frog, a water moccasin, a
crocodile and 2 bullfrogs.

Vanquished Creatures
  A skeletal warrior (D)
  A spiny frog (D)
  A yak (D)
  A wraith (D)
  2 phantoms (D)
  An ogre (D)
  A howler monkey (D)
  A crimson imp (D)
  An orc wizard (D)
  A worker ant (D)
  2 adder skeletons (D)
  2 orcs (D)
  A giant cockroach (D)
  A hobgoblin (D)
  2 frilled lizards (D)
  A jackal skeleton (D)
  A leopard gecko skeleton (D)
  A quokka skeleton (D)
  A rat (D)
23 creatures vanquished.

Notes
Turn   | Place    | Note
-------+----------+-------------------------------------------
     0 | D        | Fang the Gargoyle Berserker began the quest for the Orb.
     0 | D        | Reached XP level 1. HP: 14/14 MP: 1/1
     9 | D        | Reached skill level 3 in Axes
    12 | D        | Reached ** piety under Trog
   394 | D        | Noticed an orc wizard
   394 | D        | Noticed a crimson imp
   394 | D        | Noticed an ogre
   400 | D        | Reached *** piety under Trog
   402 | D        | Killed an ogre
   402 | D        | Reached skill level 5 in Axes
   402 | D        | Reached XP level 2. HP: 23/23 MP: 2/2
   402 | D        | Reached XP level 3. HP: 28/28 MP: 3/3
   402 | D        | Reached XP level 4. HP: 32/32 MP: 4/4
   404 | D        | Reached skill level 6 in Axes
   429 | D        | Reached **** piety under Trog
   429 | D        | Reached XP level 5. HP: 37/38 MP: 5/5
   449 | D        | Found a roughly hewn altar of Beogh.
   449 | D        | Found a snail-covered altar of Cheibriados.
   449 | D        | Found a shadowy altar of Dithmenos.
   449 | D        | Found a white marble altar of Elyvilon.
   449 | D        | Found a blossoming altar of Fedhas.
   449 | D        | Found an opulent altar of Gozag.
   450 | D        | Found a hazy altar of Hepliaklqana.
   451 | D        | Found a viscous altar of Jiyva.
   452 | D        | Found an ancient bone altar of Kikubaaqudgha.
   453 | D        | Found a corrupted altar of Lugonu.
   454 | D        | Found a burning altar of Makhleb.
   455 | D        | Found a sparkling altar of Nemelex Xobeh.
   456 | D        | Found an iron altar of Okawaru.
   457 | D        | Found a stormy altar of Qazlal.
   458 | D        | Found a sacrificial altar of Ru.
   459 | D        | Found a deep blue altar of Sif Muna.
   460 | D        | Found a bloodstained altar of Trog.
   461 | D        | Found a hide-covered altar of Uskayaw.
   462 | D        | Found a radiant altar of Vehumet.
   463 | D        | Found an ornate altar of the Wu Jian Council.
   464 | D        | Found a shimmering altar of Xom.
   465 | D        | Found a basalt altar of Yredelemnul.
   466 | D        | Found a glowing silver altar of Zin.
   467 | D        | Found a glowing golden altar of the Shining One.
   510 | D        | Noticed a phantom
   510 | D        | Noticed a wraith
   517 | D        | Killed a wraith
   517 | D        | Reached skill level 8 in Axes
   517 | D        | Reached skill level 5 in Armour
   517 | D        | Reached XP level 6. HP: 46/46 MP: 6/6
   557 | D        | Killed a phantom
   557 | D        | Reached ***** piety under Trog
   557 | D        | Reached skill level 9 in Axes
   621 | D        | Noticed a yak
   621 | D        | Noticed a skeletal warrior
   621 | D        | Noticed a phantom
   625 | D        | Reached XP level 7. HP: 52/52 MP: 7/7
   637 | D        | Killed a skeletal warrior
   637 | D        | Reached skill level 11 in Axes
   637 | D        | Reached XP level 8. HP: 60/60 MP: 8/8
   639 | D        | Killed a yak
   647 | D        | Reached skill level 5 in Dodging
   817 | D        | Gained mutation: Armour fits poorly on your strangely shaped body. [potion of mutation]
   817 | D        | Gained mutation: You are somewhat resistant to further mutation. [potion of mutation]
   818 | D        | Lost mutation: You are somewhat resistant to further mutation. [potion of mutation]
   818 | D        | Lost mutation: Armour fits poorly on your strangely shaped body. [potion of mutation]
   818 | D        | Gained mutation: You are partially covered in molten scales. (AC +2) [potion of mutation]
   818 | D        | Gained mutation: Your large and strong wings let you fly indefinitely. [potion of mutation]
   819 | D        | Noticed a seven-headed hydra
   819 | D        | Noticed a spiny frog
   819 | D        | Noticed a spiny frog
   823 | D        | Noticed a yak
   825 | D        | Killed a spiny frog
   825 | D        | Reached skill level 12 in Axes
   836 | D        | Slain by a 15-headed hydra

Skill      XL: |  1  2  3  4  5  6  7  8 |
---------------+-------------------------+-----
Axes           | 5 6 8 9 11 12 | 12.4
Fighting       | 6 7 9 11 | 11.7
Armour         | 3 4 5 6 7 |  7.5
Dodging        | 2 3 4 5 |  5.1

Action                   |  1- 3 |  4- 6 |  7- 9 || total
-------------------------+-------+-------+-------++-------
Melee: Hand axe          |    18 |    19 |       ||    37
       War axe           |       |    26 |    34 ||    60
Invok: Berserk           |     1 |     2 |     1 ||     4
  Use: Potion            |       |       |     2 ||     2
  Eat: Chunk             |       |     1 |     1 ||     2
Armor: Animal skin       |     2 |     3 |       ||     5
       Chain mail        |       |    12 |    25 ||    37
Dodge: Dodged            |     8 |    26 |    16 ||    50
